AoeStats
← CatGodMaster69

Arabia

508564950Analyzed
1v1 RM · 23d ago on Sep 23, 2026· 41m 38s· 2 players
Game mode
Random Map
Map size
Tiny (2 player)
Population
200
Speed
Normal
Resources
Standard
Victory
Conquest
Starting age
Dark Age
Ending age
Imperial Age
RankedLock teamsTeams togetherTeam positionsShared explorationLock speedFull tech treeHidden civsTurbo modeCheats
Victory
Defeat
🇺🇸 Japanese · United States
899
+16
vs
🇨🇴 Wei · Colombia
892
-16
TaiguerFlow
3:25 Loom
10:48 Feudal Age
11:14 Double-Bit Axe
11:11 Horse Collar
21:15 Town Watch
24:01 Padded Archer Armor
25:11 Fletching
33:10 Castle Age
35:24 Leather Archer Armor
35:01 Elite Skirmisher
36:31 Forging
CatGodMaster69
9:55 Feudal Age
8:35 Loom
10:27 Man-at-Arms
12:32 Double-Bit Axe
14:03 Wheelbarrow
14:23 Scale Mail Armor
14:51 Arson
14:58 Fletching
16:35 Horse Collar
19:47 Town Watch
20:17 Forging
23:05 Castle Age
22:46 Padded Archer Armor
24:02 Crossbowman
25:15 Bodkin Arrow
26:16 Thumb Ring
29:38 Leather Archer Armor
29:32 Gold Mining
30:40 Ballistics
40:22 Imperial Age
40:37 Arbalester
Connection lost

Rejoining the realm…

Still unreachable

The connection could not be restored.

Session expired

The server has moved on; the page needs a fresh start.